 Dungeon Crawl Stone Soup version 0.30-a0-2-gf48d83f5e2 (webtiles) character file.

Game seed: 11775419655084276106

620 melkoren the Chopper (level 7, -5/64 HPs)
             Began as a Minotaur Berserker on Aug 4, 2022.
             Was a Priest of Trog.
             Slain by Duvessa
             ... wielding a +0 rapier
              (9 damage)
             ... on level 4 of the Dungeon on Aug 20, 2022.
             The game lasted 00:18:51 (4730 turns).

melkoren the Chopper (Minotaur Berserker)           Turns: 4730, Time: 00:18:51

Health: -5/64      AC:  6    Str: 20    XL:     7   Next: 22%
Magic:  6/6        EV: 11    Int:  4    God:    Trog [***...]
Gold:   112        SH:  0    Dex: 14    Spells: 6/6 levels left

rFire   . . .      SeeInvis .    s - +0 broad axe (venom)
rCold   + + +      Faith    .    (no shield)
rNeg    . . .      Spirit   .    A - +0 ring mail
rPois   +          Reflect  .    (helmet restricted)
rElec   .          Harm     .    (no cloak)
rCorr   +          Rampage  .    (no gloves)
Will    +....                    (no boots)
Stlth   +.........               g - amulet of regeneration
HPRegen 1.00/turn                R - ring of resist corrosion
MPRegen 0.10/turn                b - ring "Tushrupni" {rPois rC+++ Will+ Str-3 Dex+4}

@: about to teleport
A: horns 2, retaliatory headbutt
a: Renounce Religion, Berserk, Trog's Hand


You were on level 4 of the Dungeon.
You worshipped Trog.
Trog was most pleased with you.
You visited 1 branch of the dungeon, and saw 5 of its levels.

You collected 193 gold pieces.
You spent 81 gold pieces at shops.


Innate Abilities, Weirdness & Mutations

You have a pair of horns on your head.
You reflexively headbutt those who attack you in melee.


   Skills:
 + Level 6.4 Fighting
 + Level 6.4 Axes
 + Level 5.7 Armour
 - Level 2.7 Dodging


You had 6 spell levels left.
You didn't know any spells.
Your spell library contained the following spells:

 Spells                   Type           Power      Damage    Failure   Level
 Magic Dart               Conj           0%         1d3       67%         1
 Searing Ray              Conj           0%         2d4       80%         2
 Ignite Poison            Fire/Tmut/Pois 0%         N/A       95%         3
 Mephitic Cloud           Conj/Pois/Air  0%         N/A       95%         3
 Ozocubu's Armour         Ice            0%         N/A       95%         3
 Fulminant Prism          Conj/Hex       0%         3d6       100%        4
 Freezing Cloud           Conj/Ice/Air   0%         6-21      100%        5
 Ozocubu's Refrigeration  Ice            0%         4d7       100%        7

Inventory:

Hand Weapons
 a - a +0 hand axe
 s - a +0 broad axe of venom (weapon)
   (You bought it in a shop on level 1 of the Dungeon)
 x - the +9 mace "Voussiucaud" {holy, Will++}
   (You found it on level 5 of the Dungeon)

   It has been blessed by the Shining One to cause great damage to the undead
   and demons.
   Will:      It greatly increases your willpower.
Missiles
 c - 2 javelins
 h - 5 poisoned darts (quivered)
 n - 14 stones
 t - a throwing net {=f!f}
Armour
 f - a +0 scale mail
   (You found it on level 4 of the Dungeon)
 A - a +0 ring mail (worn)
   (You found it on level 4 of the Dungeon)
Jewellery
 b - the ring "Tushrupni" (right hand) {rPois rC+++ Will+ Str-3 Dex+4}
   (You acquired it on level 4 of the Dungeon)

   [ring of willpower]

   Str:       It affects your strength (-3).
   Dex:       It affects your dexterity (+4).
   rC:        It renders you almost immune to cold.
   rPois:     It protects you from poison.
   Will:      It increases your willpower.
 g - an amulet of regeneration (around neck)
   (You found it on level 4 of the Dungeon)
 R - a ring of resist corrosion (left hand)
   (You found it on level 4 of the Dungeon)
Scrolls
 e - a scroll of butterflies {unknown}
 j - 2 scrolls of enchant armour
 m - a scroll of teleportation {@r4}
 w - 4 scrolls of identify {unknown}
Potions
 d - 2 potions of curing {unknown}
 o - a potion of heal wounds {unknown}
 p - a potion of degeneration {unknown}
 r - 2 potions of invisibility
 C - a potion of might {unknown}
 E - 3 potions of attraction {unknown}

Dungeon Overview and Level Annotations

Branches:
Dungeon (5/15) Zot: 25222
 Temple: D:4-7

Altars:
Gozag
Zin

Shops:
D:1 (

Annotations:
D:4 Duvessa

#### #.......##.#
#........# ...#
#..........#
#........# e
...+.........####
#........# ..
...####......#
#...†....#...
#### #......#
#............
#......#
#.......###+#
#......#
#.......#
#......#
#####.......#
#......#
#@e.........#
####.[......#
#.......##
#########


You could see Duvessa (berserk, extremely poisoned).


Message History

You kill the dart slug!
Trog accepts your kill. 😎 HP[+1]
You now have 64 max hp (+1).
Your hp is fully restored (64).
Things that are here:
a dart slug corpse; a hound corpse; a hound corpse The worm bites you. 😕 HP[-4]
You take 4 damage, and now have 60/64 hp.
You hit the worm.
The worm is poisoned.
The worm bites you. 😕 HP[+1]
You hit the worm.
The worm looks even sicker. 😕 HP[+1]
You barely miss the worm. The worm bites you. 😕 HP[-2]
You take 2 damage, and now have 60/64 hp.
You hit the worm.
The worm looks as sick as possible!
You headbutt the worm, but do no damage.
The worm barely misses you. You furiously retaliate!
You headbutt the worm.
You kill the worm!
Trog accepts your kill. 😕 HP[+1] No target in view!
You see here a worm corpse.
Found a stone staircase leading up.
e - a scroll labelled ZIFATE LYELO 😎 HP[+3]
Your hp is fully restored (64).
f - a +0 scale mail Dowan, Brother of Duvessa comes into view.
He is wielding a +0 dagger and carrying a wand of light (6).
Dowan shouts!
Dowan moves out of view.
Duvessa, Sister of Dowan comes into view.
She is wielding a +0 rapier.
Dowan casts a spell at you. You resist with almost no effort.
Dowan smirks and points a slender finger.
There is a stone staircase leading up here.
Dowan hits you with a +0 dagger. 😕 HP[-2]
You take 2 damage, and now have 62/64 hp.
You hit Dowan but do no damage.
Dowan hits you with a +0 dagger. 😕 HP[+1]
You hit Dowan.
Dowan casts a spell.
Dowan blinks! 😎 HP[+1]
Your hp is fully restored (64).
Unknown command.
You closely miss Dowan.
Duvessa shouts!
Dowan barely misses you.
You slice Dowan!!
You kill Dowan!
Trog accepts your kill.
Trog appreciates your killing of a magic user.
Duvessa screams in rage.
Duvessa goes berserk!
There is a stone staircase leading up here.
You climb upwards.
There is a stone staircase leading down here.
You climb downwards.
Level annotation: Duvessa Duvessa hits you with a +0 rapier!
There is a stone staircase leading up, spattered with blood here. 😕 HP[-7]
You take 7 damage, and now have 57/64 hp.
You closely miss Duvessa. Duvessa hits you with a +0 rapier!
Duvessa barely misses you. You furiously retaliate!
You headbutt Duvessa. 😕 HP[-6]
You take 6 damage, and now have 51/64 hp.
Okay, then.
You slash Duvessa!
Duvessa is poisoned.
Your headbutt misses Duvessa. Duvessa hits you with a +0 rapier! x2
* * * LOW HITPOINT WARNING * * *
😨 HP[-19]
You take 19 damage, and now have 32/64 hp.
MASSIVE DAMAGE!! (PAUSE)
You hit Duvessa but do no damage.
Duvessa looks as sick as possible!
Duvessa hits you with a +0 rapier!
* * * LOW HITPOINT WARNING * * *
Duvessa barely misses you. 😨 HP[-9]
You take 9 damage, and now have 23/64 hp.
You hit Duvessa but do no damage. Duvessa hits you with a +0 rapier!
* * * LOW HITPOINT WARNING * * *
Duvessa hits you with a +0 rapier!
* * * LOW HITPOINT WARNING * * *
😱 HP[-14]
You take 14 damage, and now have 9/64 hp.
MASSIVE DAMAGE!! (PAUSE)
Okay, then.
As you read the scroll of teleportation {@r4}, it crumbles to dust.
You feel strangely unstable. Duvessa hits you with a +0 rapier!
* * * LOW HITPOINT WARNING * * *
😱 HP[-6]
You take 6 damage, and now have 3/64 hp.
You slash Duvessa!
Duvessa looks as sick as possible!
Duvessa hits you with a +0 rapier!
You die...

Skill      XL: |  1  2  3  4  5  6 |
---------------+-------------------+-----
Fighting       | 4 5 6 |  6.4
Axes           | 4 5 6 |  6.4
Armour         | 3 4 5 |  5.7
Dodging        | |  2.7

Action                   |  1- 3 |  4- 6 |  7- 9 || total
-------------------------+-------+-------+-------++-------
Melee: Hand axe          |    71 |    30 |       ||   101
       Headbutt          |    10 |     8 |     2 ||    20
       Punch             |     1 |       |       ||     1
       Broad axe         |       |    56 |    17 ||    73
Invok: Berserk           |       |     1 |       ||     1
  Use: Scroll            |       |     7 |     1 ||     8
       Potion            |       |     1 |       ||     1
 Stab: Sleeping          |     2 |       |       ||     2
Armor: Animal skin       |    21 |     4 |       ||    25
       Leather armour    |       |    11 |       ||    11
       Ring mail         |       |     4 |       ||     4
Dodge: Dodged            |    44 |    51 |     8 ||   103

Levels and vault maps discovered:
D:1:      nagdon_arrival_zigzag_paths, layout_basic,
          chequers_ecumenical_altar_simple_redux, serial_aquarium,
          aquarium_bridge_square [aquarium_subvault_window,
          aquarium_subvault_wall, aquarium_subvault_wall,
          aquarium_subvault_bridge], aquarium_bridge_square
          [aquarium_subvault_bridge, aquarium_subvault_bridge,
          aquarium_subvault_bridge, aquarium_subvault_balcony],
          aquarium_window_1, aquarium_window_fake, aquarium_view_2e,
          aquarium_view_2e, aquarium_balcony_double_3, serial_shops,
          nicolae_shop_stone, corexii_item_surrounded_by_moat
D:2:      layout_loops_ring, uniq_terence, uniq_robin
D:3:      layout_loops_ring, nicolae_wu_jian_immortal_techniques,
          mainiacjoe_overflow_paths, hangedman_decor_clover_reticule,
          cheibrodos_gnoll_hut
D:4:      layout_basic, mainiacjoe_overflow_big_doors, uniq_duvessa, uniq_pikel
D:5:      layout_rooms, grunt_gozag_breadcrumbs

Notes
Turn   | Place    | Note
-------+----------+-------------------------------------------
     0 | D:1      | melkoren the Minotaur Berserker began the quest for the
                  | Orb.
     0 | D:1      | Reached XP level 1. HP: 19/19 MP: 0/0
     0 | D:1      | magus.rc [v1.11.3]
   117 | D:1      | Found a faded altar of an unknown god.
   154 | D:1      | Upgraded the game from 0.29-a0-994-gc5c9f59d18 to
                  | 0.30-a0-2-gf48d83f5e2
   154 | D:1      | magus.rc [v1.11.3]
   196 | D:1      | Reached XP level 2. HP: 27/27 MP: 1/1
   204 | D:1      | You add the spells Ozocubu's Armour and Ozocubu's
                  | Refrigeration to your library.
   483 | D:1      | Found Heusujy's Weapon Shop.
   495 | D:1      | Reached skill level 4 in Fighting
   509 | D:1      | You pick up a book of Conjurations {forbidden} and begin
                  | reading...
   509 | D:1      | You add the spells Magic Dart, Searing Ray and Fulminant
                  | Prism to your library.
   584 | D:1      | Reached skill level 4 in Axes
   853 | D:1      | Reached skill level 3 in Armour
   877 | D:1      | Reached ** piety under Trog
  1175 | D:2      | Reached XP level 3. HP: 23/33 MP: 2/2
  1337 | D:2      | Noticed Robin
  1350 | D:2      | Killed Robin
  1352 | D:2      | Reached XP level 4. HP: 25/41 MP: 3/3
  2102 | D:1      | Bought a +0 broad axe of venom for 81 gold pieces
  2355 | D:2      | Noticed Terence
  2363 | D:2      | HP: 9/41 [Terence/+6 vorpal flail (11)]
  2365 | D:2      | HP: 3/41 [Terence/+6 vorpal flail (4)]
  2822 | D:2      | HP: 8/41 [Terence/+6 vorpal flail (3)]
  2825 | D:3      | Killed Terence
  3672 | D:3      | Found a glowing silver altar of Zin.
  3711 | D:3      | You fall into a shaft and drop 2 floors!
  3711 | D:5      | Entered Level 5 of the Dungeon
  3747 | D:5      | Found an opulent altar of Gozag.
  3822 | D:5      | Reached skill level 5 in Fighting
  3822 | D:5      | Reached skill level 4 in Armour
  3822 | D:5      | Reached XP level 5. HP: 36/48 MP: 4/4
  3903 | D:5      | Reached skill level 5 in Axes
  3962 | D:5      | Noticed a water moccasin
  3964 | D:5      | Identified the +9 mace "Voussiucaud" {holy, Will++}
  3969 | D:5      | Killed a water moccasin
  3970 | D:5      | Reached XP level 6. HP: 40/56 MP: 5/5
  4241 | D:4      | Reached skill level 5 in Armour
  4345 | D:4      | You add the spells Ignite Poison, Mephitic Cloud and
                  | Freezing Cloud to your library.
  4366 | D:4      | Reached skill level 6 in Fighting
  4433 | D:4      | Reached skill level 6 in Axes
  4556 | D:4      | Identified a scroll of acquirement
  4556 | D:4      | Acquired the ring "Tushrupni" {rPois rC+++ Will+ Str-3
                  | Dex+4}
  4674 | D:4      | Reached XP level 7. HP: 60/63 MP: 6/6
  4700 | D:4      | Noticed Dowan
  4701 | D:4      | Noticed Duvessa
  4717 | D:4      | Killed Dowan
  4717 | D:4      | Reached *** piety under Trog
  4728 | D:4      | HP: 16/64 [Duvessa/+0 rapier (9)]
  4729 | D:4      | HP: 3/64 [Duvessa/+0 rapier (7)]
  4730 | D:4      | Slain by Duvessa

Vanquished Creatures
  A water moccasin (D:5)
  A phantom (D:4)
  2 scorpions
  Dowan (D:4)
  4 hounds
  Terence (D:3)
  Robin (D:2)
  5 adders
  2 worms
  3 dart slugs (D:4)
  7 bats
  6 endoplasms
  9 hobgoblins
  3 jackals (D:2)
  4 quokkas
  3 ball pythons
  4 frilled lizards
  15 goblins
  7 kobolds
  3 rats (D:1)
82 creatures vanquished.

Table legend:
 A = Non-vault XP
 B = Vault XP
 C = Vault XP percentage of total XP
 D = Non-vault monster count
 E = Vault monster count
 F = Vault count percentage of total count
                 A         B        C        D         E       F
            +---------+---------+-------+---------+---------+-------
      Total |     758 |     129 |  14.5 |      71 |      11 |  13.4
            +---------+---------+-------+---------+---------+-------
        D:1 |      40 |       0 |   0.0 |      25 |       0 |   0.0
        D:2 |      81 |      30 |  27.0 |      26 |       9 |  25.7
        D:3 |       2 |      36 |  94.7 |       2 |       1 |  33.3
        D:4 |     360 |      63 |  14.9 |      15 |       1 |   6.2
        D:5 |     275 |       0 |   0.0 |       3 |       0 |   0.0
            +---------+---------+-------+---------+---------+-------

Illustrated notes

Table legend:
 A = Kills in this place as a percentage of kills in entire the game.
 B = Kills by you in this place as a percentage of kills by you in the entire game.
 C = Kills by friends in this place as a percentage of kills by friends in the entire game.
 D = Other kills in this place as a percentage of other kills in the entire game.
 E = Experience gained in this place as a percentage of experience gained in the entire game.
 F = Experience gained in this place divided by the number of levels of this place that you have seen.
                   A       B       C       D       E      F
               +-------+-------+-------+-------+-------+----------------------
         Total | 100.0 | 100.0 |   N/A |   N/A | 100.0 | 177.4
       Dungeon | 100.0 | 100.0 |   N/A |   N/A | 100.0 | 177.4
               +-------+-------+-------+-------+-------+----------------------

Table legend: (Time is in decaauts)
 A = Elapsed time spent in this place.
 B = Non-inter-level travel time spent in this place.
 C = Inter-level travel time spent in this place.
 D = Time resting spent in this place.
 E = Time spent auto-exploring this place.
 F = Levels seen in this place.
 G = Mean time per level.
                   A        B        C        D        E       F      G
               +--------+--------+--------+--------+--------+-----+--------+
         Total |   4776 |   4654 |    122 |   1439 |   2497 |   5 |  955.2 |
       Dungeon |   4776 |   4654 |    122 |   1439 |   2497 |   5 |  955.2 |
               +--------+--------+--------+--------+--------+-----+--------+

Top non-repeatable levels by time:
     D:1: 1572 daAuts
     D:2: 1543 daAuts
     D:3: 628 daAuts
     D:4: 527 daAuts
     D:5: 504 daAuts
